AoeStats
← TheLastAirbender

Arabia

508807562Analyzed
1v1 RM · 8d ago on Sep 24, 2026· 53m 51s· 2 players
Game mode
Random Map
Map size
Tiny (2 player)
Population
200
Speed
Normal
Resources
Standard
Victory
Conquest
Starting age
Dark Age
Ending age
Imperial Age
RankedLock teamsTeams togetherTeam positionsShared explorationLock speedFull tech treeHidden civsTurbo modeCheats
Victory
Defeat
🇮🇪 Ethiopians · Ireland
1087
+14
🇺🇸 Armenians · United States
1042
-14
TheLastAirbender
8:30 Loom
10:42 Feudal Age
11:27 Double-Bit Axe
11:56 Gold Mining
15:59 Stone Mining
16:25 Horse Collar
23:21 Castle Age
21:14 Man-at-Arms
21:48 Fletching
21:57 Long Swordsman
22:41 Scale Mail Armor
23:17 Forging
26:33 Bow Saw
27:27 Squires
31:27 Two-Handed Swordsman
32:12 Gambesons
39:54 Fletching
42:58 Imperial Age
41:52 Wheelbarrow
45:06 Elite Skirmisher
48:01 Bodkin Arrow
48:40 Padded Archer Armor
51:45 Chain Mail Armor
52:12 Bracer
53:14 Leather Archer Armor
Roots222
6:13 Loom
9:28 Feudal Age
10:12 Double-Bit Axe
19:00 Castle Age
16:58 Horse Collar
18:20 Fletching
18:31 Padded Archer Armor
18:45 Gold Mining
19:38 Bodkin Arrow
19:05 Crossbowman
20:12 Bow Saw
22:25 Leather Archer Armor
22:11 Scale Mail Armor
22:18 Arson
24:46 Thumb Ring
28:02 Wheelbarrow
27:13 Town Watch
30:20 Hand Cart
34:42 Forging
34:40 Scale Barding Armor
35:09 Light Cavalry
48:08 Imperial Age
46:28 Husbandry
47:28 Heavy Plow
50:49 Ballistics
51:29 Chemistry
50:01 Arbalester
50:44 Bracer
51:06 Chain Barding Armor
51:22 Iron Casting
52:16 Conscription
51:50 Hussar
Connection lost

Rejoining the realm…

Still unreachable

The connection could not be restored.

Session expired

The server has moved on; the page needs a fresh start.